[Event "elllobregat Open Chess TnmT- 2nd Edition 2021"]
[Site "Castelldefels, Spain"]
[Date "2021.11.30"]
[Round "1.1"]
[White "Pogorelov, Ruslan"]
[Black "Abdusattorov, Nodirbek"]
[Result "0-1"]
[TimeControl "90min/40moves + 30min/end + 30sec increment per move starting from move 1"]
[WhiteTitle "GM"]
[BlackTitle "GM"]
[WhiteFideId "14100363"]
[BlackFideId "14204118"]
[WhiteElo "2338"]
[BlackElo "2646"]

1. Nf3 d5 2. d4 Nf6 3. c4 e6 4. Nc3 dxc4 5. e4 b5 6. e5 Nd5 7. Nxb5 Nb6 8. Be2 Nc6 9. O-O Be7 10.
b3 cxb3 11. axb3 O-O 12. Ba3 Bb7 13. Bxe7 Qxe7 14. Qc1 a6 15. Nc3 Nb4 16. Na4 Nxa4 17. Rxa4 a5 18. Qc5 Qxc5 19. dxc5 Bc6 20.
Raa1 Rfd8 21. Rfd1 Rxd1+ 22. Rxd1 Bd5 23. Nd4 g5 24. Ra1 Be4 25. f3 Bd3 26. Kf2 Bxe2 27. Nxe2 Nc6 28. Ke3 Rd8 29.
g3 Rd5 30. f4 Rxc5 31. Rc1 gxf4+ 32. gxf4 Rxc1 33. Nxc1 Kg7 34. Ke4 Kg6 35. Ne2 Nb4 36. Nd4 Na6 37. Kf3 Nc5 38. Ke3 Kh5 39.
Kf3 Kh4 40. f5 exf5 41. Nxf5+ Kh3 42. Nd4 h6 43. Nb5 Nxb3 44. Nxc7 a4 45. Nb5 h5 46. Kf4 h4 47. Kg5 Nd2 48.
Kf6 Nf3 49. Kxf7 Nxe5+ 50. Ke6 Nf3 51. Kd5 Kxh2 52. Kc4 h3 53. Nc3 Kg2 54. Kd4 0-1

[Event "elllobregat Open Chess TnmT- 2nd Edition 2021"]
[Site "Castelldefels, Spain"]
[Date "2021.11.30"]
[Round "1.2"]
[White "Ponomariov, Ruslan"]
[Black "Heinemann, Josefine"]
[Result "1-0"]
[TimeControl "90min/40moves + 30min/end + 30sec increment per move starting from move 1"]
[WhiteTitle "GM"]
[BlackTitle "WGM"]
[WhiteFideId "14103320"]
[BlackFideId "12900460"]
[WhiteElo "2633"]
[BlackElo "2336"]

1. e4 c5 2. Nf3 d6 3. d4 cxd4 4. Nxd4 Nf6 5. Nc3 a6 6. Be2 e5 7. Nb3 Be7 8. O-O O-O 9. Qd3 Be6 10. Bd2 Nbd7 11. Nd5 Bxd5 12. exd5 Ne8 13. Na5 Rb8 14. b4 Bg5 15.
Bxg5 Qxg5 16. c4 f5 17. Rac1 e4 18. Qe3 Qh4 19. c5 Ne5 20. c6 b6 21. Nb7 Rf6 22. f4 exf3 23. gxf3 b5 24. f4 Ng4 25. Qg3 Qxg3+ 26. hxg3 Ne3 27. Rfe1 Nxd5 28. Bf3 Ndc7 29. Re7 Kf8 30. Rd7 Rc8 31. Kf2 Na8 32. Bh5 g6 33. Bf3 Nb6 34. Rxh7 d5 35. Rh8+ Ke7 36. Rch1 Rf7 37. Re1+ Kf6 38. Rhxe8 Rxc6 39.
Nc5 1-0

[Event "elllobregat Open Chess TnmT- 2nd Edition 2021"]
[Site "Castelldefels, Spain"]
[Date "2021.11.30"]
[Round "1.3"]
[White "Klimkowski, Jan"]
[Black "Santos Latasa, Jaime"]
[Result "1/2-1/2"]
[TimeControl "90min/40moves + 30min/end + 30sec increment per move starting from move 1"]
[WhiteTitle "FM"]
[BlackTitle "GM"]
[WhiteFideId "21856222"]
[BlackFideId "2293307"]
[WhiteElo "2333"]
[BlackElo "2633"]

1. d4 Nf6 2. c4 e6 3. Nf3 d5 4.
g3 Bb4+ 5. Bd2 Be7 6. Bg2 c6 7. Qc2 Nbd7 8. O-O O-O 9. b3 Ne4 10. Nc3 f5 11. Rad1 Bf6 12. Nxe4 fxe4 13. Ne5 Bxe5 14.
dxe5 Qe7 15. Bc3 b6 16.
Qd2 Rf7 17. cxd5 cxd5 18. Rc1 Ba6 19. Bd4 Rff8 20. Rc7 Rfc8 21. Rfc1 Qd8 22. R7c6 Qe8 23. Rxc8 Rxc8 24. Rxc8 Qxc8 25.
Bh3 Nf8 26. f4 exf3 27. exf3 h6 28. f4 Qe8 29. Qc2 Qf7 30. Bg4 h5 31. Bh3 h4 32. Bg4 hxg3 33. hxg3 Qe7 34. Qd2 Qf7 35.
Qc2 Qe7 36. Be3 Qb4 37. Qf2 Qe4 38. Bh3 Qb1+ 39. Kh2 Bd3 40. g4 g6 41. Bd4 Bc2 42. Bg2 Qxa2 43. f5 Bxb3 44. Qf4 Qa4 45.
f6 Qd7 46. Bb2 Bc4 47. Ba3 Qh7+ 48. Bh3 Nd7 49. Kg3 Kf7 50. g5 Qh5 51. Bg4 Qh1 52. Bxe6+ Kxe6 53. Qg4+ Kxe5 54. Qf4+ Ke6 55.
Qd6+ Kf5 56. Qf4+ Ke6 57. Qd6+ Kf5 58. Qf4+ 1/2-1/2

[Event "elllobregat Open Chess TnmT- 2nd Edition 2021"]
[Site "Castelldefels, Spain"]
[Date "2021.11.30"]
[Round "1.4"]
[White "Karthikeyan, Murali"]
[Black "Garcia Martin, Marta"]
[Result "1-0"]
[TimeControl "90min/40moves + 30min/end + 30sec increment per move starting from move 1"]
[WhiteTitle "GM"]
[BlackTitle "IM"]
[WhiteFideId "5074452"]
[BlackFideId "32084030"]
[WhiteElo "2630"]
[BlackElo "2324"]

1. e4 e5 2. Nf3 Nc6 3. Bb5 a6 4. Ba4 Nf6 5. O-O Be7 6. d3 d6 7. c3 O-O 8. Re1 Re8 9. h3 h6 10.
d4 b5 11. Bc2 Bf8 12. Nbd2 Bb7 13. d5 Ne7 14. b3 c6 15. c4 Ng6 16. Nf1 Qc7 17. Ne3 Rec8 18. Bd2 bxc4 19. bxc4 a5 20. Nh2 Ba6 21. Nhg4 Nd7 22. Ba4 Bb7 23. Rc1 Nc5 24. Bc2 Nf4 25. Nf5 h5 26. Nf6+ gxf6 27. Bxf4 exf4 28. Qxh5 Bg7 29. Qg4 Ne6 30. Rcd1 Rd8 31. dxe6 fxe6 32. Nh6+ Kh7 33. e5+ f5 34. Nxf5 exf5 35. Bxf5+ Kh8 36. Qh5+ Kg8 37. Be6+ 1-0

[Event "elllobregat Open Chess TnmT- 2nd Edition 2021"]
[Site "Castelldefels, Spain"]
[Date "2021.11.30"]
[Round "1.5"]
[White "Cadilhac, Igor Tokuichi Kikuchi"]
[Black "Erigaisi, Arjun"]
[Result "0-1"]
[TimeControl "90min/40moves + 30min/end + 30sec increment per move starting from move 1"]
[WhiteTitle "FM"]
[BlackTitle "GM"]
[WhiteFideId "2132150"]
[BlackFideId "35009192"]
[WhiteElo "2323"]
[BlackElo "2627"]

1. e4 e6 2. d4 d5 3. Nc3 Bb4 4. e5 c5 5. a3 Bxc3+ 6. bxc3 Qc7 7. Bd3 Nc6 8. Qg4 f5 9. exf6 Nxf6 10. Qg3 Qe7 11. dxc5 e5 12. Nh3 O-O 13. O-O e4 14. Be2 Bxh3 15. Qxh3 Qxc5 16. Rb1 Rf7 17. Bg5 Qd6 18. Rfd1 Raf8 19. c4 d4 20. Rb5 h6 21. Bh4 a6 22. Rb6 Qd7 23. Qb3 Ng4 24. c5 Nge5 25. Bg3 Kh7 26. Qa4 Qe7 27. Bc4 Nxc4 28. Qxc4 Rf5 29. Bd6 Qh4 30. Bxf8 Qxf2+ 31. Kh1 Ne5 0-1

[Event "elllobregat Open Chess TnmT- 2nd Edition 2021"]
[Site "Castelldefels, Spain"]
[Date "2021.11.30"]
[Round "1.6"]
[White "Sethuraman, S.P."]
[Black "Cruz, Filemon"]
[Result "1-0"]
[TimeControl "90min/40moves + 30min/end + 30sec increment per move starting from move 1"]
[WhiteTitle "GM"]
[BlackTitle "IM"]
[WhiteFideId "5021596"]
[BlackFideId "3800296"]
[WhiteElo "2620"]
[BlackElo "2310"]

1. e4 c5 2. Nf3 d6 3. d4 cxd4 4. Nxd4 Nf6 5. Nc3 a6 6. Be3 e5 7. Nb3 Be6 8.
Qd2 Be7 9. f3 h5 10. O-O-O Nbd7 11. Kb1 Rc8 12. a4 Nb6 13. a5 Nc4 14.
Bxc4 Rxc4 15. Bg5 Qc7 16. Bxf6 gxf6 17. Rhe1 f5 18. Nd5 Bxd5 19. exd5 Qd7 20. Qd3 Ra4 21.
c4 Kf8 22. Rc1 Rg8 23. Rc2 Rb4 24. Nc1 Bd8 25. Na2 Bxa5 26. Nxb4 Bxb4 27. Ree2 Rg6 28. f4 e4 29.
Qh3 Rg4 30. Qxh5 Bc5 31. h3 Rg3 32. Qh8+ Rg8 33. Qc3 Qd8 34.
g4 Qb6 35. Qf6 Bd4 36. Qxf5 e3 37. g5 Qb3 38. Re1 a5 39. Qe4 Qb6 40. h4 a4 41. Rd1 Bc5 42. f5 1-0

[Event "elllobregat Open Chess TnmT- 2nd Edition 2021"]
[Site "Castelldefels, Spain"]
[Date "2021.11.30"]
[Round "1.7"]
[White "Barbero Sendic, Alejandro"]
[Black "Iturrizaga Bonelli, Eduardo"]
[Result "0-1"]
[TimeControl "90min/40moves + 30min/end + 30sec increment per move starting from move 1"]
[WhiteTitle "FM"]
[BlackTitle "GM"]
[WhiteFideId "3001288"]
[BlackFideId "3901211"]
[WhiteElo "2307"]
[BlackElo "2606"]

1. e4 c5 2. Nf3 e6 3. Nc3 a6 4. g3 Nc6 5. Bg2 g5 6.
h3 Bg7 7. Ne2 h6 8. d4 cxd4 9. Nexd4 Nge7 10. O-O O-O 11. Re1 d6 12. Be3 Ng6 13.
Qe2 Nce7 14. Rad1 Qc7 15. c4 e5 16. Nb3 Be6 17. c5 Bxb3 18. axb3 dxc5 19. Rc1 b6 20. b4 Nc6 21. bxc5 Nd4 22. Bxd4 exd4 23. e5 Rfe8 24. Qf1 bxc5 25. Nxd4 Rab8 26. Qxa6 Nxe5 27. Qa3 Qd7 28. Nf3 Nxf3+ 29. Qxf3 Rxe1+ 30. Rxe1 Bxb2 31. Qd5 Qxd5 32. Bxd5 Rd8 33. Bc6 Rd2 34. Bb5 Bd4 35. Re2 Rd1+ 36. Kg2 Rc1 37. Ba4 Kg7 38. g4 Kf6 39.
Bb3 c4 40. Rc2 cxb3 41. Rxc1 b2 42. Rb1 Ke5 43. Kf3 Kd5 44. Ke2 Kc4 45. Kd2 Kb3 46. f3 Be5 47. Kd3 Bf4 48. Kd4 0-1

[Event "elllobregat Open Chess TnmT- 2nd Edition 2021"]
[Site "Castelldefels, Spain"]
[Date "2021.11.30"]
[Round "1.8"]
[White "Puranik, Abhimanyu"]
[Black "Dudognon, Thibault"]
[Result "1/2-1/2"]
[TimeControl "90min/40moves + 30min/end + 30sec increment per move starting from move 1"]
[WhiteTitle "GM"]
[BlackTitle "FM"]
[WhiteFideId "5061245"]
[BlackFideId "20675569"]
[WhiteElo "2604"]
[BlackElo "2305"]

1. Nf3 d5 2. g3 g6 3. Bg2 Bg7 4. O-O e5 5. d3 Nc6 6. e4 dxe4 7. dxe4 Qxd1 8. Rxd1 Bg4 9. Be3 Nd4 10.
Bxd4 exd4 11. h3 Bxf3 12. Bxf3 Ne7 13. Na3 O-O-O 14. Rd2 Nc6 15. Rad1 h5 16. h4 Bh6 17. Re2 d3 18. Ree1 Nb4 1/2-1/2